3AAA
SYLVANIA MAPLE LEAVES @ BALBOA BUCCANEERS
07/12/2019
 
TOP OF THE 1ST
Sylvania Maple Leaves batting - Pitching for Balboa Buccaneers : RHP Richard Meyer
Pitching: RHP Richard Meyer
Batting: RHB Kenny Norton 0-0: Foul Ball, location: 2F
0-1: Ball
1-1: Foul Ball, location: 2F
1-2: Fly out, F9 (Flyball, 9LM)
Batting: LHB Carl Pierce 0-0: Ball
1-0: Fly out, F2 (Popup, 2RF)
Batting: RHB Anthony Johnston 0-0: Called Strike
0-1: Ball
1-1: Called Strike
1-2: Foul Ball, location: 2F
1-2: SINGLE (Flyball, 9LS)
Batting: RHB Bernardo Márquez 0-0: Ball
1-0: Called Strike
1-1: Foul Ball, location: 2F
1-2: Ball
2-2: Ball
3-2: Ground out 1-3 (Groundball, 15S)
Top of the 1st over - 0 run(s), 1 hit(s), 0 error(s), 1 left on base; Sylvania 0 - Balboa 0
BOTTOM OF THE 1ST
Balboa Buccaneers batting - Pitching for Sylvania Maple Leaves : RHP Rusty King
Pitching: RHP Rusty King
Batting: LHB Steve Grimes 0-0: Foul Ball, location: 2F
0-1: Ball
1-1: Called Strike
1-2: Ball
2-2: Ball
3-2: Fly out, F3 (Line Drive, 3)
Batting: RHB Matt Nelson 0-0: Ball
1-0: Swinging Strike
1-1: Fly out, F9 (Flyball, 9M)
Batting: SHB Walt Smith 0-0: Ball
1-0: Called Strike
1-1: Foul Ball, location: 2F
1-2: Strikes out looking
Bottom of the 1st over - 0 run(s), 0 hit(s), 0 error(s), 0 left on base; Sylvania 0 - Balboa 0
TOP OF THE 2ND
Sylvania Maple Leaves batting - Pitching for Balboa Buccaneers : RHP Richard Meyer
Batting: RHB Ingo van Ham 0-0: Called Strike
0-1: Called Strike
0-2: Strikes out swinging
Batting: SHB Curt Bryant 0-0: Ball
1-0: Ball
2-0: Ball
3-0: Base on Balls
Batting: RHB Melvin Baldwin 0-0: Ball
1-0: Fly out, F3 (Popup, 34S)
Batting: RHB Dustin Walker 0-0: Fly out, F4 (Line Drive, 4)
Top of the 2nd over - 0 run(s), 0 hit(s), 0 error(s), 1 left on base; Sylvania 0 - Balboa 0
BOTTOM OF THE 2ND
Balboa Buccaneers batting - Pitching for Sylvania Maple Leaves : RHP Rusty King
Batting: LHB Imre Brincka 0-0: Foul Ball, location: 2F
0-1: Ball
1-1: Ball
2-1: Called Strike
2-2: Ball
3-2: SINGLE (Groundball, 6MD)
Batting: RHB César Garza 0-0: Foul Ball, location: 2F
0-1: Ball
1-1: Grounds into double play, 6-4-3 (Groundball, 6)
Batting: RHB Jean Lemaire 0-0: Ground out 6-3 (Groundball, 6M)
Bottom of the 2nd over - 0 run(s), 1 hit(s), 0 error(s), 0 left on base; Sylvania 0 - Balboa 0
TOP OF THE 3RD
Sylvania Maple Leaves batting - Pitching for Balboa Buccaneers : RHP Richard Meyer
Batting: RHB Fernando Díaz 0-0: Fly out, F9 (Flyball, 9M)
Batting: RHB Kenny Norton 0-0: Ball
1-0: Ball
2-0: Ball
3-0: Called Strike
3-1: Foul Ball, location: 2F
3-2: Foul Ball, location: 2F
3-2: Base on Balls
Batting: LHB Carl Pierce 0-0: Fly out, F8 (Flyball, 8RXD)
Batting: RHB Anthony Johnston 0-0: Ball
1-0: Called Strike
Kenny Norton steals 2nd base
1-1: DOUBLE (Line Drive, 7LS)
Kenny Norton scores
Batting: RHB Bernardo Márquez 0-0: Ball
1-0: Fly out, F7 (Flyball, 78S)
Top of the 3rd over - 1 run(s), 1 hit(s), 0 error(s), 1 left on base; Sylvania 1 - Balboa 0
BOTTOM OF THE 3RD
Balboa Buccaneers batting - Pitching for Sylvania Maple Leaves : RHP Rusty King
Batting: RHB José Correa 0-0: Called Strike
0-1: Ball
1-1: Ball
2-1: Swinging Strike
2-2: Foul Ball, location: 2F
2-2: Ball
3-2: Foul Ball, location: 2F
3-2: Fly out, F9 (Flyball, 89M)
Batting: SHB Wook-jin Pae 0-0: Reached on Error, E7 (Flyball, 78M)
Batting: RHB Leonard James 0-0: Called Strike
0-1: Ball
1-1: Ball
2-1: Called Strike
2-2: Strikes out looking
Batting: LHB Steve Grimes 0-0: Ball
1-0: Ball
2-0: Fly out, F7 (Flyball, 7M)
Bottom of the 3rd over - 0 run(s), 0 hit(s), 1 error(s), 1 left on base; Sylvania 1 - Balboa 0
TOP OF THE 4TH
Sylvania Maple Leaves batting - Pitching for Balboa Buccaneers : RHP Richard Meyer
Batting: RHB Ingo van Ham 0-0: Ball
1-0: Ball
2-0: Called Strike
2-1: Ground out 4-3 (Groundball, 4)
Batting: SHB Curt Bryant 0-0: Ball
1-0: Bunt missed!
1-1: Ball
2-1: DOUBLE (Groundball, 3L)
Batting: RHB Melvin Baldwin 0-0: Called Strike
0-1: Called Strike
0-2: Ball
1-2: Ball
2-2: Foul Ball, location: 2F
2-2: Ball
3-2: Foul Ball, location: 2F
3-2: Foul Ball, location: 2F
3-2: Foul Ball, location: 2F
3-2: 2-RUN HOME RUN (Flyball, 7D), Distance : 411 ft
Batting: RHB Dustin Walker 0-0: Ball
1-0: Foul Ball, location: 2F
1-1: SINGLE (Line Drive, 9S)
Batting: RHB Fernando Díaz 0-0: Ball
1-0: Ball
2-0: Ball
3-0: Base on Balls
Dustin Walker to second
Batting: RHB Kenny Norton 0-0: Ball
1-0: Fly out, F4 (Line Drive, 4)
Batting: LHB Carl Pierce 0-0: Ball
1-0: Swinging Strike
1-1: Foul Ball, location: 2F
1-2: Ball
2-2: Strikes out swinging
Top of the 4th over - 2 run(s), 3 hit(s), 0 error(s), 2 left on base; Sylvania 3 - Balboa 0
BOTTOM OF THE 4TH
Balboa Buccaneers batting - Pitching for Sylvania Maple Leaves : RHP Rusty King
Batting: RHB Matt Nelson 0-0: Ball
1-0: Ball
2-0: Ball
3-0: Called Strike
3-1: Ground out 6-3 (Groundball, 6M)
Batting: SHB Walt Smith 0-0: Ground out 5-3 (Groundball, 56S)
Batting: LHB Imre Brincka 0-0: Ball
1-0: Ball
2-0: Foul Ball, location: 2F
2-1: Called Strike
2-2: Ball
3-2: Foul Ball, location: 2F
3-2: Base on Balls
Batting: RHB César Garza 0-0: Called Strike
0-1: Swinging Strike
0-2: Strikes out looking
Bottom of the 4th over - 0 run(s), 0 hit(s), 0 error(s), 1 left on base; Sylvania 3 - Balboa 0
TOP OF THE 5TH
Sylvania Maple Leaves batting - Pitching for Balboa Buccaneers : RHP Richard Meyer
Batting: RHB Anthony Johnston 0-0: Called Strike
0-1: SINGLE (Line Drive, 56)
Batting: RHB Bernardo Márquez 0-0: Hit by Pitch
Anthony Johnston to second
Batting: RHB Ingo van Ham 0-0: Fly out, F2 (Popup, 25F)
Batting: SHB Curt Bryant 0-0: Swinging Strike
0-1: Foul Ball, location: 2F
0-2: Ball
1-2: Strikes out swinging
Batting: RHB Melvin Baldwin 0-0: Ball
1-0: Ball
2-0: Ball
3-0: Base on Balls
Anthony Johnston to third
Bernardo Márquez to second
Batting: RHB Dustin Walker 0-0: SINGLE (Line Drive, 3D)
Anthony Johnston scores
Bernardo Márquez to third
Melvin Baldwin to second
Runner from 3rd tries for Home, SAFE, throw made home
Melvin Baldwin to third
Dustin Walker to second
Pitching: RHP José Valenzuela
Batting: RHB Fernando Díaz 0-0: Ball
1-0: Ball
2-0: Swinging Strike
2-1: Ground out 4-3 (Groundball, 34)
Top of the 5th over - 2 run(s), 2 hit(s), 0 error(s), 2 left on base; Sylvania 5 - Balboa 0
BOTTOM OF THE 5TH
Balboa Buccaneers batting - Pitching for Sylvania Maple Leaves : RHP Rusty King
Batting: RHB Jean Lemaire 0-0: Called Strike
0-1: Foul Ball, location: 2F
0-2: Ball
1-2: Fly out, F9 (Flyball, 89S)
Batting: RHB José Correa 0-0: Ground out 6-3 (Groundball, 6)
Batting: SHB Wook-jin Pae 0-0: Called Strike
0-1: Foul Ball, location: 2F
0-2: Ball
1-2: Fly out, F9 (Flyball, 89M)
Bottom of the 5th over - 0 run(s), 0 hit(s), 0 error(s), 0 left on base; Sylvania 5 - Balboa 0
TOP OF THE 6TH
Sylvania Maple Leaves batting - Pitching for Balboa Buccaneers : RHP José Valenzuela
Batting: RHB Kenny Norton 0-0: SINGLE (Line Drive, 56)
Batting: LHB Carl Pierce 0-0: Foul Ball, location: 2F
0-1: Ball
1-1: Grounds into double play, 6-4-3 (Groundball, 6)
Batting: RHB Anthony Johnston 0-0: Foul Ball, location: 2F
0-1: Foul Ball, location: 2F
0-2: Ball
1-2: Fly out, F5 (Line Drive, 5)
Top of the 6th over - 0 run(s), 1 hit(s), 0 error(s), 0 left on base; Sylvania 5 - Balboa 0
BOTTOM OF THE 6TH
Balboa Buccaneers batting - Pitching for Sylvania Maple Leaves : RHP Rusty King
Batting: RHB Leonard James 0-0: SINGLE (Groundball, 56D)
Batting: LHB Steve Grimes 0-0: Foul Ball, location: 2F
0-1: Ball
1-1: Fly out, F7 (Flyball, 7LM)
Batting: RHB Matt Nelson 0-0: Ball
1-0: Reached on error, E2 (Groundball, 2R)
Leonard James to third
Batting: SHB Walt Smith 0-0: Ball
1-0: Called Strike
1-1: Ground out 4-3 (Groundball, 34)
Leonard James scores
Matt Nelson to third
Batting: LHB Imre Brincka 0-0: Fly out, F7 (Flyball, 7D)
Bottom of the 6th over - 1 run(s), 1 hit(s), 1 error(s), 1 left on base; Sylvania 5 - Balboa 1
TOP OF THE 7TH
Sylvania Maple Leaves batting - Pitching for Balboa Buccaneers : RHP José Valenzuela
Batting: RHB Bernardo Márquez 0-0: Called Strike
0-1: Ball
1-1: Foul Ball, location: 2F
1-2: Strikes out swinging
Batting: RHB Ingo van Ham 0-0: Ground out 5-3 (Groundball, 56)
Batting: SHB Curt Bryant 0-0: Ball
1-0: Fly out, F7 (Line Drive, 78S)
Top of the 7th over - 0 run(s), 0 hit(s), 0 error(s), 0 left on base; Sylvania 5 - Balboa 1
BOTTOM OF THE 7TH
Balboa Buccaneers batting - Pitching for Sylvania Maple Leaves : RHP Rusty King
Batting: RHB César Garza 0-0: Called Strike
0-1: Ball
1-1: Foul Ball, location: 2F
1-2: Ball
2-2: Fly out, F9 (Flyball, 89S)
Batting: RHB Jean Lemaire 0-0: Ball
1-0: Called Strike
1-1: Called Strike
1-2: Strikes out swinging
Batting: RHB José Correa 0-0: Foul Ball, location: 2F
0-1: Ball
1-1: Called Strike
1-2: Foul Ball, location: 2F
1-2: Ball
2-2: Ball
3-2: Ground out 1-3 (Groundball, 23)
Bottom of the 7th over - 0 run(s), 0 hit(s), 0 error(s), 0 left on base; Sylvania 5 - Balboa 1
TOP OF THE 8TH
Sylvania Maple Leaves batting - Pitching for Balboa Buccaneers : RHP José Valenzuela
Pitching: LHP Andy Hayden
Batting: RHB Melvin Baldwin 0-0: Called Strike
0-1: Swinging Strike
0-2: Foul Ball, location: 2F
0-2: Ball
1-2: Foul Ball, location: 2F
1-2: Ball
2-2: Strikes out swinging
Batting: RHB Dustin Walker 0-0: Called Strike
0-1: Fly out, F9 (Flyball, 89M)
Batting: RHB Fernando Díaz 0-0: Called Strike
0-1: Swinging Strike
0-2: Ground out 6-3 (Groundball, 6)
Top of the 8th over - 0 run(s), 0 hit(s), 0 error(s), 0 left on base; Sylvania 5 - Balboa 1
BOTTOM OF THE 8TH
Balboa Buccaneers batting - Pitching for Sylvania Maple Leaves : RHP Rusty King
Batting: SHB Wook-jin Pae 0-0: Ground out 4-3 (Groundball, 34)
Batting: RHB Leonard James 0-0: Called Strike
0-1: Called Strike
0-2: Strikes out looking
Batting: LHB Steve Grimes 0-0: Ball
1-0: Called Strike
1-1: Fly out, F7 (Popup, 6D)
Bottom of the 8th over - 0 run(s), 0 hit(s), 0 error(s), 0 left on base; Sylvania 5 - Balboa 1
TOP OF THE 9TH
Sylvania Maple Leaves batting - Pitching for Balboa Buccaneers : LHP Andy Hayden
Pitching: RHP Juan Pérez
Batting: RHB Kenny Norton 0-0: Fly out, F1 (Line Drive, 13)
Batting: LHB Carl Pierce 0-0: Foul Ball, location: 2F
0-1: Ball
1-1: SINGLE (Groundball, 34D)
Batting: RHB Anthony Johnston 0-0: Ball
1-0: Foul Ball, location: 2F
1-1: Ball
2-1: SINGLE (Groundball, 56D)
Carl Pierce to second
Batting: RHB Bernardo Márquez 0-0: Ball
1-0: Called Strike
1-1: Fly out, F9 (Flyball, 9S)
Batting: RHB Ingo van Ham 0-0: Swinging Strike
0-1: Swinging Strike
0-2: Strikes out swinging
Top of the 9th over - 0 run(s), 2 hit(s), 0 error(s), 2 left on base; Sylvania 5 - Balboa 1
BOTTOM OF THE 9TH
Balboa Buccaneers batting - Pitching for Sylvania Maple Leaves : RHP Rusty King
Pitching: LHP Roberto Bruno
Batting: RHB Matt Nelson 0-0: Bunt missed!
0-1: Ball
1-1: Swinging Strike
1-2: Foul Ball, location: 2F
1-2: Foul Ball, location: 2F
1-2: Fly out, F7 (Line Drive, 7S)
Batting: SHB Walt Smith 0-0: Called Strike
0-1: Ball
1-1: Called Strike
1-2: Strikes out looking
Batting: LHB Imre Brincka 0-0: Swinging Strike
0-1: Ground out 6-3 (Groundball, 6M)
Bottom of the 9th over - 0 run(s), 0 hit(s), 0 error(s), 0 left on base; Sylvania 5 - Balboa 1
This league is powered by Out of the Park Baseball, the baseball management simulation game for PC, Mac and Linux
Saturday, July 25th, 2015 - OOTP Baseball 15.6 Build 34